 Dungeon Crawl Stone Soup version 0.32-a0-765-gfba4d74c8c (webtiles) character file.

Game seed: 5145765767108308666

238 Nattfarinn the Digger (level 5, 0/28 HPs)
             Began as a Deep Elf Earth Elementalist on Mar 18, 2024.
             Succumbed to a scorpion's poison
             ... on level 3 of the Dungeon.
             The game lasted 00:02:51 (2425 turns).

Nattfarinn the Digger (Deep Elf Earth Elementalist) Turns: 2425, Time: 00:02:51

Health: 0/28       AC:  3    Str:  5    XL:     5   Next: 78%
Magic:  9/14       EV: 11    Int: 22    God:
Gold:   95         SH:  0    Dex: 15    Spells: 13/14 levels left

rFire   . . .        g - +2 short sword (venom)
rCold   . . .        (no shield)
rNeg    . . .        a - +0 robe
rPois   .            (no helmet)
rElec   .            o - +0 cloak
rCorr   .            (no gloves)
SInv    .            (no boots)
Will    .....        (no amulet)
Stlth   ++           (no ring)
HPRegen 0.24/turn    (no ring)
MPRegen 0.14/turn

%: no passive effects
@: lethally poisoned (0 -> -5), attractive, invisible
A: no striking features
a: no special abilities


You were on level 3 of the Dungeon.
You visited 1 branch of the dungeon, and saw 4 of its levels.

You collected 95 gold pieces.

Inventory:

Hand Weapons
 g - a +2 short sword of venom (weapon)
 v - a +1 dagger of flaming
Armour
 a - a +0 robe (worn)
 o - a +0 cloak (worn)
Jewellery
 w - a ring of willpower
Scrolls
 d - 2 scrolls of fog {unknown}
 e - a scroll of immolation {unknown}
 f - 3 scrolls of identify {unknown}
 h - a scroll of vulnerability {unknown}
 k - a scroll of noise {unknown}
 n - a scroll of enchant weapon {unknown}
 r - a scroll of enchant armour {unknown}
 t - a scroll of poison {unknown}
 u - a scroll of blinking {unknown}
Potions
 b - a potion of magic
 c - a potion of attraction
 i - a potion of curing {unknown}
 j - a potion of invisibility
 l - a potion of resistance {unknown}
 m - a potion of mutation {unknown}
 p - a potion of brilliance {unknown}
 q - a potion of haste {unknown}
 s - a potion of cancellation {unknown}


   Skills:
 - Level 2.4 Dodging
 - Level 2.4 Stealth
 + Level 5.3 Spellcasting
 - Level 1.1 Conjurations
 * Level 6.2 Earth Magic


You had 13 spell levels left.
You knew the following spells:

 Your Spells              Type           Power      Damage    Failure   Level
a - Sandblast             Erth           66%        2d15      1%          1

Your spell library contained the following spells:

 Spells                   Type           Power      Damage    Failure   Level
 Passwall                 Erth           33%        N/A       2%          3
 Stone Arrow              Conj/Erth      42%        3d9       7%          3
 Brom's Barrelling Bould  Conj/Erth      21%        2d4       22%         4
 Lee's Rapid Deconstruct  Erth           16%        3d10*     22%         5
 Animate Armour           Summ/Erth      38%        N/A       26%         4
 Leda's Liquefaction      Alch/Erth      9%         N/A       26%         4
 Petrify                  Alch/Erth      19%        N/A       26%         4
 Summon Lightning Spire   Summ/Air       5%         N/A       69%         4
 Permafrost Eruption      Ice/Erth       9%         2x4d4     99%         6


Dungeon Overview and Level Annotations

Branches:
Dungeon (4/15)
 Temple: D:4-7

Altars:

Annotations:
D:2 1 runed translucent door, Crazy Yiuf


Message History

The blast of sand hits the scorpion!
The scorpion is severely wounded.
The scorpion stings you but does no damage.
The blast of sand hits the scorpion but does no damage.
The scorpion is severely wounded.
The scorpion barely misses you. The scorpion stings you.
The blast of sand hits the scorpion but does no damage.
The scorpion is severely wounded.
The scorpion stings you! The scorpion stings you.
You are lethally poisoned!
The scorpion poisons you!
Unknown command.
Casting: Sandblast (safe; 1% risk of failure)
Confirm with . or Enter, or press ? or * to list all spells.
Aiming: Sandblast (safe; 1% risk of failure)
Press: ? - help, Shift-Dir - straight line, f/p - scorpion
Aim: a scorpion (severely wounded, 84% to hit)
The blast of sand hits the scorpion but does no damage.
The scorpion is severely wounded.
* * * LOW HITPOINT WARNING * * *
You feel very sick. The scorpion misses you. The scorpion stings you.
* * * LOW HITPOINT WARNING * * *
Casting: Sandblast (safe; 1% risk of failure)
Confirm with . or Enter, or press ? or * to list all spells.
Aiming: Sandblast (safe; 1% risk of failure)
Press: ? - help, Shift-Dir - straight line, f/p - scorpion
Aim: a scorpion (severely wounded, 84% to hit)
The blast of sand hits the scorpion.
You kill the scorpion!
* * * LOW HITPOINT WARNING * * *
You feel very sick.
Your Earth Magic skill increases to level 6!
It was a potion of attraction.
You feel attractive to monsters.
* * * LOW HITPOINT WARNING * * *
You feel sick.
It was a potion of invisibility.
You fade into invisibility!
You die...

###################.....# ###...
.................##.##..####.....
####.........................#...
####.##..#######.##.##..####.###.
....[##..# #......##..####.###.
#######..#####......##....)......
#####.............##...........
#......#####.....#########.####
#.###..# #..@..# #.# #.# #..#
###.### #.# ###.# #..# #.# #.####
.##.# #..# #.# #.#... .##.###..##
#.###### #.#.## ..........##
#......# #.#.# ....##.#.#.##
######.######.#.# .####.##.##.###
#<#......#.# .# #.........#
#.#.####.#.#


There were no monsters in sight!

Vanquished Creatures
  A scorpion (D:3)
  An orc wizard (D:2)
  3 gnolls (D:3)
  3 adders
  5 dart slugs
  A ribbon worm (D:2)
  4 orcs (D:2)
  8 bats
  3 endoplasms
  3 giant cockroaches
  14 goblins
  9 hobgoblins
  5 quokkas
  5 ball pythons
  4 frilled lizards
  6 kobolds
  10 rats
85 creatures vanquished.

Notes
Turn   | Place    | Note
-------+----------+-------------------------------------------
     0 | D:1      | Nattfarinn the Deep Elf Earth Elementalist began the quest
                  | for the Orb.
     0 | D:1      | Reached XP level 1. HP: 10/10 MP: 6/6
   129 | D:1      | Reached XP level 2. HP: 15/15 MP: 5/8
   203 | D:1      | Reached skill level 4 in Earth Magic
   289 | D:1      | Reached XP level 3. HP: 14/19 MP: 10/10
   911 | D:2      | Found a faded altar of an unknown god.
   929 | D:2      | Found a runed translucent door.
   930 | D:2      | Noticed Crazy Yiuf
  1027 | D:2      | Reached XP level 4. HP: 20/24 MP: 9/12
  1184 | D:2      | Reached skill level 5 in Earth Magic
  1832 | D:3      | Reached XP level 5. HP: 28/28 MP: 12/14
  2306 | D:3      | Reached skill level 5 in Spellcasting
  2424 | D:3      | Reached skill level 6 in Earth Magic
  2424 | D:3      | HP: 1/28 [poisoned by a scorpion]
  2425 | D:3      | Succumbed to a scorpion's poison

Illustrated notes

Levels and vault maps discovered:
D:1:      nzn_arrival_water_spiral, layout_basic, minmay_domino_4
D:2:      layout_basic, ebering_ecumenical_altar_ruins, uniq_crazy_yiuf_cottage
D:3:      kennysheep_the_goblin_king, layout_loops_ring
D:4:      layout_rooms

Skill      XL: |  1  2  3  4  5 |
---------------+----------------+-----
Earth Magic    | 4 5 6 |  6.2
Spellcasting   | 4 5 |  5.3
Dodging        | |  2.4
Stealth        | |  2.4
Conjurations   | |  1.1

Action                     |  1- 3 |  4- 6 || total
---------------------------+-------+-------++-------
  Melee: Short sword       |    34 |       ||    34
   Cast: Sandblast         |    39 |    55 ||    94
    Use: Potion            |       |     2 ||     2
 Armour: Robe              |    20 |    23 ||    43
  Dodge: Dodged            |    32 |    21 ||    53

Table legend: (Time is in decaauts)
 A = Elapsed time spent in this place.
 B = Non-inter-level travel time spent in this place.
 C = Inter-level travel time spent in this place.
 D = Time resting spent in this place.
 E = Time spent auto-exploring this place.
 F = Levels seen in this place.
 G = Mean time per level.
                   A        B        C        D        E       F      G
               +--------+--------+--------+--------+--------+-----+--------+
         Total |   2477 |   2358 |    119 |     35 |   1917 |   4 |  619.2 |
       Dungeon |   2477 |   2358 |    119 |     35 |   1917 |   4 |  619.2 |
               +--------+--------+--------+--------+--------+-----+--------+

Top non-repeatable levels by time:
     D:3: 1023 daAuts
     D:2: 735 daAuts
     D:1: 715 daAuts
     D:4: 3 daAuts
